 Dungeon Crawl Stone Soup version 0.24.0-123-gd5b16e6ec5 (webtiles) character file.

Game seed: 3985175006521567426, levelgen mode: deterministic

1025 Legadrian the Skirmisher (level 8, -2/62 HPs)
             Began as a Human Transmuter on Feb 13, 2020.
             Was an Initiate of Makhleb.
             Slain by a river rat (7 damage)
             ... summoned by Eustachio
             ... on level 6 of the Dungeon.
             The game lasted 00:31:07 (5960 turns).

Legadrian the Skirmisher (Human Transmuter)         Turns: 5960, Time: 00:31:09

Health: -2/62      AC:  4    Str: 10      XL:     8   Next: 47%
Magic:  14/14      EV: 12    Int: 16      God:    Makhleb [......]
Gold:   96         SH:  5    Dex: 12 (14) Spells: 7/15 levels left

rFire    . . .     SeeInvis .   A - +0 mace (holy)
rCold    + + +     Gourm    .   E - +0 buckler
rNeg     + . .     Faith    .   b - +1 robe
rPois    +         Spirit   .   i - -2 hat of the Alchemist {rElec rPois rF+ rC+ rN+ MR+ rMut rCorr}
rElec    +         Reflect  .   h - +1 cloak
rCorr    +         Harm     .   t - +0 pair of gloves
rMut     +                      (no boots)
MR       +....                  (no amulet)
Stlth    +.........             D - ring of ice
HPRegen  0.20/turn              o - ring of protection from cold
MPRegen  0.14/turn

@: berserk cooldown, slowed, very slow
A: no striking features
a: Renounce Religion


You were on level 6 of the Dungeon.
You worshipped Makhleb.
Makhleb was noncommittal.
You were not hungry.

You visited 1 branch of the dungeon, and saw 6 of its levels.

You collected 261 gold pieces.
You spent 165 gold pieces at shops.

Inventory:

Hand Weapons
 c - a +2 dagger of freezing
 q - a +2 morningstar of draining
 A - a +0 mace of holy wrath (weapon)
 C - a +0 fustibalus
Missiles
 a - 49 arrows
 e - 126 stones (quivered)
 j - 37 sling bullets
 B - 13 boomerangs
 F - 5 javelins
 H - 19 bolts
Armour
 b - a +1 robe (worn)
 h - a +1 cloak (worn)
 i - the -2 hat of the Alchemist (worn) {rElec rPois rF+ rC+ rN+ MR+ rMut rCorr}
   (You found it on level 4 of the Dungeon)

   It protects you from fire.
   It protects you from cold.
   It insulates you from electricity.
   It protects you from poison.
   It protects you from negative energy.
   It affects your resistance to hostile enchantments.
   It provides partial protection from all sources of acid and corrosion.
   It protects you from mutation.
 t - a +0 pair of gloves (worn)
 E - a +0 buckler (worn)
Jewellery
 f - an uncursed amulet of guardian spirit
 o - a ring of protection from cold (right hand)
 p - an uncursed ring of magical power
 D - a ring of ice (left hand)
Scrolls
 m - a scroll of blinking {unknown}
 u - 5 scrolls of remove curse
 v - 2 scrolls of magic mapping {unknown}
 w - 3 scrolls of fog
 y - a scroll of teleportation
 G - a scroll of identify
Potions
 g - a potion of haste {unknown}
 k - a potion of brilliance {unknown}
 l - a potion of degeneration {unknown}
 r - 2 potions of cancellation
 s - a potion of agility {unknown}
 x - 2 potions of curing {unknown}
Comestibles
 d - 10 rations


   Skills:
 + Level 5.1 Fighting
 - Level 0.3 Maces & Flails
 - Level 2.0 Dodging
 - Level 4.5 Shields
 - Level 3.0 Unarmed Combat
 * Level 4.3 Spellcasting
 * Level 4.5 Transmutations
 - Level 0.3 Poison Magic


You had 7 spell levels left.
You knew the following spells:

 Your Spells              Type           Power        Failure   Level  Hunger
a - Beastly Appendage     Tmut           ###...       2%          1    None
b - Spider Form           Tmut/Pois      ##........   19%         3    ###....
c - Ice Form              Ice/Tmut       ###.....     54%         4    ####...

Your spell library contained the following spells:

 Spells                   Type           Power        Failure   Level  Hunger
 Sticks to Snakes         Tmut           ###.....     3%          2    ##.....
 Blade Hands              Tmut           ###.......   56%         5    ######.


Dungeon Overview and Level Annotations

Branches:
Dungeon (6/15)             Temple (0/1) D:5

Altars:
Ashenzari
Elyvilon
Fedhas
Hepliaklqana
Kikubaaqudgha
Makhleb
Vehumet
Wu Jian
Zin
The Shining One

Shops:
D:5 *

Annotations:
D:2 exclusion: oklob plant
D:6 Eustachio


Message History

Eustachio mumbles some strange words.
You hit Eustachio.
Eustachio is almost dead.
You block the bat's attack. x2; The bat closely misses you.
Eustachio hits you with a +1 rapier of venom.
* * * LOW HITPOINT WARNING * * *
The river rat twitches its whiskers.
The river rat bites you.
* * * LOW HITPOINT WARNING * * *
The bat misses you.
Eustachio gestures wildly while chanting.
Eustachio blinks!
The river rat bites you.
* * * LOW HITPOINT WARNING * * *
As you read the scroll of immolation, it crumbles to dust.
The creatures around you are filled with an inner flame!
The bat misses you.
Eustachio twirls his moustache.
Eustachio casts a spell.
The rat closely misses you. The river rat bites you!
You die...

##+# # #...## .##
.....## # #.#
......## #. #.#
.......####.## ##.#
.......'.....# ##.##
.......####@.5###r##
.....<## #br@##
.....## ##.## #...##
#.# ##'## #.# #.#
###.# #.# #...#
##.## #.### #[..##
#.# .....# #.#


You could see Eustachio (inner flame), a river rat, an ufetubus, a bat and a
rat.

Vanquished Creatures
  Sigmund (D:5)
  2 ice beasts (D:5)
  2 ogres
  2 crimson imps
  A bullfrog skeleton (D:4)
  An orc priest (D:4)
  A centaur skeleton (D:4)
  An iguana (D:5)
  3 orc wizards
  A worker ant (D:4)
  2 hound skeletons
  6 gnolls
  5 adders
  A shadow imp (D:5)
  An ooze (D:4)
  5 worms
  A dart slug (D:3)
  A leopard gecko (D:4)
  6 orcs
  5 giant cockroaches
  5 goblins
  3 hobgoblins
  8 jackals
  6 kobolds
  4 quokkas
  4 bats
  4 frilled lizards
  3 rats
85 creatures vanquished.

Vanquished Creatures (others)
  6 jackals (D:4)
  13 toadstools (D:2)
19 creatures vanquished.

Grand Total: 104 creatures vanquished

Notes
Turn   | Place    | Note
-------+----------+-------------------------------------------
     0 | D:1      | Legadrian the Human Transmuter began the quest for the Orb.
     0 | D:1      | Reached XP level 1. HP: 15/15 MP: 3/3
   184 | D:1      | Reached XP level 2. HP: 21/21 MP: 5/5
   749 | D:2      | Found a blossoming altar of Fedhas.
   763 | D:2      | Noticed an oklob plant
   820 | D:2      | Reached XP level 3. HP: 27/27 MP: 6/6
   834 | D:2      | Learned a level 3 spell: Spider Form
   920 | D:2      | Reached skill level 2 in Fighting
  1573 | D:2      | Reached XP level 4. HP: 34/34 MP: 7/7
  2030 | D:3      | Found an ancient bone altar of Kikubaaqudgha.
  2124 | D:3      | Found a glowing silver altar of Zin.
  2299 | D:3      | Found a burning altar of Makhleb.
  2327 | D:3      | Reached skill level 3 in Fighting
  2327 | D:3      | Reached XP level 5. HP: 41/41 MP: 9/9
  2466 | D:3      | Found a hazy altar of Hepliaklqana.
  2506 | D:3      | Became a worshipper of Makhleb the Destroyer
  2684 | D:4      | Found a shattered altar of Ashenzari.
  3054 | D:4      | Reached XP level 6. HP: 17/48 MP: 11/11
  3373 | D:4      | Found a radiant altar of Vehumet.
  3546 | D:4      | Reached skill level 4 in Fighting
  3924 | D:4      | Found the -2 hat of the Alchemist {rElec rPois rF+ rC+ rN+
                  | MR+ rMut rCorr}
  3946 | D:4      | Found an ornate altar of the Wu Jian Council.
  3994 | D:4      | Noticed an ogre
  4005 | D:4      | Killed an ogre
  4005 | D:4      | Reached XP level 7. HP: 54/54 MP: 12/12
  4256 | D:4      | Found a white marble altar of Elyvilon.
  4522 | D:5      | Entered Level 5 of the Dungeon
  4737 | D:5      | Learned a level 4 spell: Ice Form
  4737 | D:5      | Found Tingaur's General Store.
  4743 | D:5      | Bought a +0 fustibalus for 165 gold pieces
  5131 | D:5      | Reached skill level 5 in Fighting
  5248 | D:5      | Found a glowing golden altar of the Shining One.
  5294 | D:5      | Found a staircase to the Ecumenical Temple.
  5304 | D:5      | Noticed Sigmund
  5320 | D:5      | Killed Sigmund
  5320 | D:5      | Reached XP level 8. HP: 30/62 MP: 11/14
  5917 | D:6      | Noticed Eustachio
  5960 | D:6      | Slain by a river rat

Levels and vault maps discovered:
D:1:      matt_arrival_los_fun, layout_loops_ring
D:2:      wad_woods_tower, layout_rooms, tgw_fedhas
D:3:      layout_loops_cross, makhleb_grotto_becter, lemuel_doored_altar,
          old_standard_altar, kiku_gazebo_garden_becter, first_ration
D:4:      layout_loops_ring, kennysheep_little_box, elyvilon_altar_3,
          fiery_altar_vehumet, ashenzari_altar_1
D:5:      layout_basic, marbit_many_paths, minmay_temple_entry_drinking_statues,
          serial_shops, shop, uniq_sigmund
D:6:      layout_loops_corners, lemuel_crystal_altar, grunt_qazlal_sundering,
          uniq_grinder, uniq_eustachio

Skill      XL: |  1  2  3  4  5  6  7  8 |
---------------+-------------------------+-----
Fighting       | 2 3 4 5 |  5.1
Spellcasting   | 3 4 |  4.3
Transmutations | 3 4 |  4.5
Shields        | 2 4 |  4.5
Maces & Flails | |  0.3
Dodging        | |  2.0
Unarmed Combat | |  3.0
Poison Magic   | |  0.3

Action                   |  1- 3 |  4- 6 |  7- 9 || total
-------------------------+-------+-------+-------++-------
Melee: Unarmed           |    86 |    19 |     5 ||   110
       Punch             |     3 |     1 |     1 ||     5
       Kick              |     3 |     1 |    11 ||    15
       Dagger            |    23 |   156 |    86 ||   265
       Headbutt          |     1 |     6 |     5 ||    12
       Morningstar       |       |       |    32 ||    32
       Mace              |       |       |    35 ||    35
 Fire: Fustibalus        |       |       |     7 ||     7
Throw: Stone             |     5 |       |       ||     5
 Cast: Beastly Appendage |     3 |     4 |    10 ||    17
       Spider Form       |       |     2 |     2 ||     4
 Abil: End Transformatio |       |       |     1 ||     1
  Use: Scroll            |     6 |     2 |     2 ||    10
       Potion            |     2 |     3 |     1 ||     6
 Stab: Sleeping          |     1 |       |       ||     1
       Invisible         |       |     1 |       ||     1
  Eat: Chunk             |     2 |     6 |     2 ||    10
       Ration            |       |       |     2 ||     2
Armor: Robe              |    31 |    44 |    44 ||   119
Dodge: Dodged            |    62 |    87 |   121 ||   270
Block: Buckler           |       |       |    19 ||    19
